 Dungeon Crawl Stone Soup version 0.27.1-34-g3ba077fa99 (webtiles) character file.

Game seed: 2496484918823376589

93 raph the Conjurer (level 4, -1/33 HPs)
             Began as a Draconian Conjurer on Jan 26, 2022.
             Killed from afar by an orc wizard (8 damage)
             ... with a magic dart
             ... on level 3 of the Dungeon.
             The game lasted 00:03:26 (2133 turns).

raph the Conjurer (Draconian Conjurer)              Turns: 2133, Time: 00:03:26

Health: -1/33      AC:  6    Str: 10    XL:     4   Next: 37%
Magic:  1/7        EV: 12    Int: 19    God:
Gold:   79         SH:  0    Dex:  9    Spells: 4/7 levels left

rFire    . . .     SeeInvis .   e - +2 dagger (elec)
rCold    . . .     Faith    .   (no shield)
rNeg     . . .     Spirit   .   (armour unavailable)
rPois    .         Reflect  .   (helmet restricted)
rElec    .         Harm     .   (no cloak)
rCorr    .         Rampage  .   (no gloves)
Will     .....                  d - +0 pair of boots
Stlth    ++........             (no amulet)
HPRegen  0.11/turn              (no ring)
MPRegen  0.10/turn              (no ring)

@: no status effects
A: AC +5, unfitting armour, cold-blooded
a: no special abilities


You were on level 3 of the Dungeon.
You visited 1 branch of the dungeon, and saw 3 of its levels.

You collected 79 gold pieces.

Inventory:

Hand Weapons
 b - a +0 short sword
 e - a +2 dagger of electrocution (weapon)
 f - a +1 short sword of venom
Missiles
 h - 18 poisoned darts
Armour
 d - a +0 pair of boots (worn)
Scrolls
 a - 2 scrolls of blinking {unknown}
 c - 3 scrolls of identify {unknown}
Potions
 g - a potion of lignification {unknown}


   Skills:
 - Level 1.7 Dodging
 - Level 1.7 Stealth
 - Level 2.0 Spellcasting
 + Level 5.9 Conjurations


You had 4 spell levels left.
You knew the following spells:

 Your Spells              Type           Power      Damage    Failure   Level
a - Magic Dart            Conj           96%        1d7       1%          1
b - Searing Ray           Conj           48%        3d5       2%          2

Your spell library contained the following spells:

 Spells                   Type           Power      Damage    Failure   Level
 Conjure Flame            Conj/Fire      13%        6-21      16%         3
 Dazzling Flash           Conj/Hex       26%        N/A       16%         3
 Ignite Poison            Fire/Tmut/Pois 1%         N/A       45%         3
 Summon Guardian Golem    Hex/Summ       1%         N/A       45%         3
 Fulminant Prism          Conj/Hex       6%         3d7       45%         4
 Iskenderun's Mystic Bla  Conj/Tloc      13%        2d5       45%         4
 Sticky Flame             Conj/Fire      13%        2d4       45%         4
 Orb of Destruction       Conj           12%        9d6       100%        7
 Spellforged Servitor     Conj/Summ      6%         N/A       100%        7


Dungeon Overview and Level Annotations

Branches:
Dungeon (3/15)

Altars:


Innate Abilities, Weirdness & Mutations

Your plain brown scales are hard. (AC +5)
You cannot fit into any form of body armour.
You are cold-blooded and may be slowed by cold attacks.


Message History

Unknown command.
The adder misses you.
You closely miss the adder.
The adder is lightly wounded.
The adder barely misses you.
You closely miss the adder.
The adder is lightly wounded.
The adder bites you.
You are poisoned.
The adder poisons you!
Aiming: Magic Dart (safe; 1% risk of failure)
Press: ? - help, Q - select action, (/) - cycle Shift-Dir - straight line, f/p - adder
Aim: an adder (lightly wounded, 100% to hit)
The magic dart hits the adder.
The adder is severely wounded.
You feel sick. The adder closely misses you.
You hit the adder.
The adder is almost dead.
You feel sick. The adder bites you but does no damage.
The adder barely misses you.
You hit the adder.
You kill the adder!
You feel sick.
You feel sick.
You feel sick.
You hear some strange, mumbled words.
Something tries to affect you, but you resist.
You see here a +0 dagger.
You don't have enough magic to cast this spell.
Okay, then.
Okay, then.
You feel sick.
You are no longer poisoned.
A puff of flame appears from out of thin air!
The puff of flame hits you.
* * * LOW HITPOINT WARNING * * *
You see here an adder corpse.
A magic dart appears from out of thin air!
The magic dart hits you!
You die...

..>..#.....#.#.#
.#.##.......#.#.
..###.#.#.#.#.#
####†##.#.#.#S#.#.
#.....##.#.#.#.#.#
#.....#.#.#.#.#.#.
###.....##.#.#.#.#.# #######
#...†.){.†#.#.#.#.#. #.....#
#..@##.....#.#.#.#.# ###.#.#
#...##....#.#.#.#.#. #.#.#
#...##.###.#.#.#.#.#
###.#)#####...##.##.#.#.#.#.#.
#.......†)...........#.#.#.#.#
#####.##########....#.#.#.#.
#.....# #.... .#.#. ####.## ..
#.# .


There were no monsters in sight!

Vanquished Creatures
  An orc priest (D:3)
  2 adders (D:3)
  A worm (D:2)
  An orc (D:3)
  4 bats
  8 endoplasms
  A giant cockroach (D:2)
  A hobgoblin (D:1)
  2 jackals (D:1)
  7 kobolds
  3 quokkas
  A ball python (D:2)
  2 frilled lizards (D:1)
  3 goblins
  3 rats
40 creatures vanquished.

Vanquished Creatures (others)
  5 fungi (D:1)
  A plant (D:1)
  2 withered plants (D:1)
8 creatures vanquished.

Grand Total: 48 creatures vanquished

Notes
Turn   | Place    | Note
-------+----------+-------------------------------------------
     0 | D:1      | raph the Draconian Conjurer began the quest for the Orb.
     0 | D:1      | Reached XP level 1. HP: 14/14 MP: 3/3
   108 | D:1      | Found a faded altar of an unknown god.
   396 | D:1      | Reached XP level 2. HP: 20/20 MP: 1/5
   399 | D:1      | Learned a level 2 spell: Searing Ray
  1507 | D:2      | Reached skill level 5 in Conjurations
  1637 | D:2      | Reached XP level 3. HP: 26/26 MP: 0/6
  2109 | D:3      | Reached XP level 4. HP: 18/33 MP: 0/7
  2133 | D:3      | Killed from afar by an orc wizard

Illustrated notes

Levels and vault maps discovered:
D:1:      ncdulo_watergridlock, layout_basic, shapermc_ecumenical_altar_gd
D:2:      layout_rooms
D:3:      layout_basic

Skill      XL: |  1  2 |
---------------+-------+-----
Conjurations   | 5 |  5.9
Dodging        | |  1.7
Stealth        | |  1.7
Spellcasting   | |  2.0

Action                   |  1- 3 |  4- 6 || total
-------------------------+-------+-------++-------
Melee: Short sword       |    19 |       ||    19
       Dagger            |    14 |     5 ||    19
       Tailslap          |     3 |       ||     3
 Cast: Magic Dart        |    38 |     2 ||    40
       Searing Ray       |    12 |       ||    12
Armor: Skin              |    18 |     2 ||    20
Dodge: Dodged            |    45 |     6 ||    51
